NCAA
NORTH CAROLINA STATE WOLFPACK @ TEXAS A&M AGGIES
05/23/2025
 
TOP OF THE 1ST
North Carolina State Wolfpack batting - Pitching for Texas A&M Aggies : RHP Arthur Kemp
Pitching: RHP Arthur Kemp
Batting: RHB Henry Dawson 0-0: Called Strike
0-1: Swinging Strike
0-2: Strikes out swinging
Batting: RHB Dennis Mays 0-0: Ball
1-0: Foul Ball, location: 2F
1-1: Swinging Strike
1-2: Ball
2-2: Strikes out looking
Batting: RHB Rafael Rosário 0-0: Called Strike
0-1: Ball
1-1: Ball
2-1: Ball
3-1: Swinging Strike
3-2: Ground out 4-3 (Groundball, 4M)
Top of the 1st over - 0 run(s), 0 hit(s), 0 error(s), 0 left on base; North Carolina State 0 - Texas A&M 0
BOTTOM OF THE 1ST
Texas A&M Aggies batting - Pitching for North Carolina State Wolfpack : RHP Maurice Green
Pitching: RHP Maurice Green
Batting: LHB Kevin Holley 0-0: Called Strike
0-1: Called Strike
0-2: Foul Ball, location: 2F
0-2: Foul Ball, location: 2F
0-2: Foul Ball, location: 2F
0-2: Fly out, F5 (Popup, 5F)
Batting: RHB Arthur Kemp 0-0: Ball
1-0: Foul Ball, location: 2F
1-1: Called Strike
1-2: Ball
2-2: Strikes out swinging
Batting: LHB Dave Bryant 0-0: Swinging Strike
0-1: Ball
1-1: Swinging Strike
1-2: Strikes out swinging
Bottom of the 1st over - 0 run(s), 0 hit(s), 0 error(s), 0 left on base; North Carolina State 0 - Texas A&M 0
TOP OF THE 2ND
North Carolina State Wolfpack batting - Pitching for Texas A&M Aggies : RHP Arthur Kemp
Batting: LHB Frank Jackson 0-0: Called Strike
0-1: Ball
1-1: Foul Ball, location: 2F
1-2: Strikes out swinging
Batting: RHB Richard Heath 0-0: Ball
1-0: Called Strike
1-1: Ball
2-1: DOUBLE (Line Drive, 7LM)
Batting: SHB Dawson Fowler 0-0: Ball
1-0: Ball
2-0: Ball
3-0: Called Strike
3-1: Called Strike
3-2: Strikes out swinging
Batting: LHB Corey MacGregor 0-0: Called Strike
0-1: Ball
1-1: Foul Ball, location: 2F
1-2: Ball
2-2: SINGLE (Groundball, 6M)
Richard Heath to third
Runner from 3rd tries for Home, SAFE, no throw or cutoff
Batting: RHB Kyle Watkins 0-0: Ball
1-0: Ball
2-0: Ball
3-0: Base on Balls
Corey MacGregor to second
Batting: RHB Bob Olson 0-0: Ball
1-0: Foul Ball, location: 2F
1-1: Foul Ball, location: 2F
1-2: Strikes out looking
Top of the 2nd over - 1 run(s), 2 hit(s), 0 error(s), 2 left on base; North Carolina State 1 - Texas A&M 0
BOTTOM OF THE 2ND
Texas A&M Aggies batting - Pitching for North Carolina State Wolfpack : RHP Maurice Green
Batting: LHB Andy Pollock 0-0: Called Strike
0-1: Swinging Strike
0-2: Strikes out swinging
Batting: RHB Lawrence Davidson 0-0: Ball
1-0: SINGLE (Line Drive, 9LS)
Batting: SHB Cristián López 0-0: Swinging Strike
0-1: Swinging Strike
0-2: Fly out, F5 (Popup, 56S)
Batting: LHB Walt Brown 0-0: Ball
1-0: Ball
2-0: Foul Ball, location: 2F
2-1: Ball
3-1: Called Strike
3-2: Base on Balls
Lawrence Davidson to second
Batting: RHB Irwin Robinson 0-0: Ball
1-0: Foul Ball, location: 2F
1-1: DOUBLE (Flyball, 7LM)
Lawrence Davidson scores
Walt Brown to third
Runner from 3rd tries for Home, throw and OUT!
Bottom of the 2nd over - 1 run(s), 2 hit(s), 0 error(s), 1 left on base; North Carolina State 1 - Texas A&M 1
TOP OF THE 3RD
North Carolina State Wolfpack batting - Pitching for Texas A&M Aggies : RHP Arthur Kemp
Batting: RHB Henry Dawson 0-0: Ball
1-0: Ball
2-0: Ball
3-0: Called Strike
3-1: Base on Balls
Batting: RHB Dennis Mays 0-0: Ground out 5-3 (Groundball, 5S)
Henry Dawson to second
Batting: RHB Rafael Rosário 0-0: Swinging Strike
0-1: Ball
Henry Dawson steals 3rd base
1-1: Foul Ball, location: 2F
1-2: Ball
2-2: Fly out, F8 (Line Drive, 8LM)
Runner from 3rd tags up, SCORES, no throw
Batting: LHB Frank Jackson 0-0: Called Strike
0-1: Ball
1-1: Ball
2-1: Called Strike
2-2: SINGLE (Line Drive, 4)
Batting: RHB Richard Heath 0-0: Ball
1-0: Ground out 6-3 (Groundball, 6)
Top of the 3rd over - 1 run(s), 1 hit(s), 0 error(s), 1 left on base; North Carolina State 2 - Texas A&M 1
BOTTOM OF THE 3RD
Texas A&M Aggies batting - Pitching for North Carolina State Wolfpack : RHP Maurice Green
Batting: RHB José Batista 0-0: Called Strike
0-1: Foul Ball, location: 2F
0-2: SOLO HOME RUN (Line Drive, 7D), Distance : 356 ft
Batting: LHB Kevin Holley 0-0: Called Strike
0-1: Called Strike
0-2: Foul Ball, location: 2F
0-2: Ground out 4-3 (Groundball, 4)
Batting: RHB Arthur Kemp 0-0: Ball
1-0: Foul Ball, location: 2F
1-1: Swinging Strike
1-2: Foul Ball, location: 2F
1-2: Ball
2-2: Strikes out swinging
Batting: LHB Dave Bryant 0-0: Ball
1-0: Ball
2-0: Called Strike
2-1: Called Strike
2-2: Strikes out looking
Bottom of the 3rd over - 1 run(s), 1 hit(s), 0 error(s), 0 left on base; North Carolina State 2 - Texas A&M 2
TOP OF THE 4TH
North Carolina State Wolfpack batting - Pitching for Texas A&M Aggies : RHP Arthur Kemp
Batting: SHB Dawson Fowler 0-0: Ground out 4-3 (Groundball, 4)
Batting: LHB Corey MacGregor 0-0: Called Strike
0-1: Ball
1-1: Swinging Strike
1-2: DOUBLE (Line Drive, 78S)
Batting: RHB Kyle Watkins 0-0: Fly out, F8 (Flyball, 8RM)
Batting: RHB Bob Olson 0-0: Ball
1-0: Called Strike
1-1: Swinging Strike
1-2: Foul Ball, location: 2F
1-2: Foul Ball, location: 2F
1-2: Strikes out swinging
Top of the 4th over - 0 run(s), 1 hit(s), 0 error(s), 1 left on base; North Carolina State 2 - Texas A&M 2
BOTTOM OF THE 4TH
Texas A&M Aggies batting - Pitching for North Carolina State Wolfpack : RHP Maurice Green
Batting: LHB Andy Pollock 0-0: Ball
1-0: Ball
2-0: Ground out U3 (Groundball, 3)
Batting: RHB Lawrence Davidson 0-0: Called Strike
0-1: Called Strike
0-2: Strikes out swinging
Batting: SHB Cristián López 0-0: Ball
1-0: Ball
2-0: Foul Ball, location: 2F
2-1: Swinging Strike
2-2: Strikes out swinging
Bottom of the 4th over - 0 run(s), 0 hit(s), 0 error(s), 0 left on base; North Carolina State 2 - Texas A&M 2
TOP OF THE 5TH
North Carolina State Wolfpack batting - Pitching for Texas A&M Aggies : RHP Arthur Kemp
Batting: RHB Henry Dawson 0-0: Ball
1-0: SOLO HOME RUN (Flyball, 7D), Distance : 355 ft
Batting: RHB Dennis Mays 0-0: Foul Ball, location: 2F
0-1: TRIPLE (Line Drive, 8RM)
Batting: RHB Rafael Rosário 0-0: Ground out 3-1 (Groundball, 34)
Batting: LHB Frank Jackson 0-0: Ball
1-0: Ball
2-0: Fly out, F8 (Flyball, 8LM)
Runner from 3rd tags up, SCORES, no throw
Batting: RHB Richard Heath 0-0: Ball
1-0: Called Strike
1-1: Ground out 5-3 (Groundball, 15S)
Top of the 5th over - 2 run(s), 2 hit(s), 0 error(s), 0 left on base; North Carolina State 4 - Texas A&M 2
BOTTOM OF THE 5TH
Texas A&M Aggies batting - Pitching for North Carolina State Wolfpack : RHP Maurice Green
Batting: LHB Walt Brown 0-0: DOUBLE (Line Drive, 8LM)
Batting: RHB Irwin Robinson 0-0: 2-RUN HOME RUN (Flyball, 78XD), Distance : 386 ft
Batting: RHB José Batista 0-0: SINGLE (Line Drive, 89S)
Batting: LHB Kevin Holley 0-0: Ball
1-0: Ball
2-0: Foul Ball, location: 2F
2-1: Called Strike
2-2: Strikes out looking
Batting: RHB Arthur Kemp 0-0: Foul Ball, location: 2F
0-1: Foul Ball, location: 2F
0-2: Ball
1-2: Strikes out swinging
Batting: LHB Dave Bryant 0-0: Called Strike
0-1: Swinging Strike
0-2: Ball
1-2: Foul Ball, location: 2F
1-2: Strikes out swinging
Bottom of the 5th over - 2 run(s), 3 hit(s), 0 error(s), 1 left on base; North Carolina State 4 - Texas A&M 4
TOP OF THE 6TH
North Carolina State Wolfpack batting - Pitching for Texas A&M Aggies : RHP Arthur Kemp
Pitching: LHP Juan Martínez
Batting: SHB Dawson Fowler 0-0: Ball
1-0: SOLO HOME RUN (Flyball, 78XD), Distance : 382 ft
Batting: LHB Corey MacGregor 0-0: Ball
1-0: Called Strike
1-1: Ball
2-1: Reached on error, E6 (Groundball, 6)
Batting: RHB Kyle Watkins 0-0: Ball
1-0: Ball
2-0: Called Strike
2-1: Fly out, F9 (Flyball, 9M)
Batting: RHB Bob Olson 0-0: Ball
1-0: Swinging Strike
1-1: SINGLE (Line Drive, 4M)
Corey MacGregor to second
Batting: RHB Henry Dawson 0-0: Ball
1-0: Ball
2-0: SINGLE (Flyball, 7S)
Corey MacGregor to third
Bob Olson to second
Runner from 3rd tries for Home, SAFE, no throw or cutoff
Batting: RHB Dennis Mays 0-0: Ball
1-0: Called Strike
1-1: Fielders Choice at 2nd, 6-4 (Groundball, 6M)
Bob Olson to third
Batting: RHB Rafael Rosário 0-0: Ball
Dennis Mays steals 2nd base
1-0: Foul Ball, location: 2F
1-1: Called Strike
1-2: SINGLE (Groundball, 6MD)
Bob Olson scores
Dennis Mays to third
Runner from 3rd tries for Home, SAFE, no throw or cutoff
Pitching: LHP Jeffrey Hays
Batting: LHB Frank Jackson 0-0: Ball
1-0: Called Strike
1-1: Ball
2-1: Ball
3-1: Foul Ball, location: 2F
3-2: DOUBLE (Line Drive, 89M)
Rafael Rosário to third
Rafael Rosário scores
Batting: RHB Richard Heath 0-0: Ball
1-0: Ball
2-0: SINGLE (Line Drive, 6M)
Frank Jackson to third
Runner from 3rd tries for Home, SAFE, no throw or cutoff
Batting: SHB Dawson Fowler 0-0: Ball
1-0: DOUBLE (Line Drive, 7M)
Richard Heath to third
Runner from 3rd tries for Home, throw and OUT!
Top of the 6th over - 6 run(s), 7 hit(s), 1 error(s), 1 left on base; North Carolina State 10 - Texas A&M 4
BOTTOM OF THE 6TH
Texas A&M Aggies batting - Pitching for North Carolina State Wolfpack : RHP Maurice Green
Batting: LHB Andy Pollock 0-0: Called Strike
0-1: Swinging Strike
0-2: Ball
1-2: Ball
2-2: Ball
3-2: Foul Ball, location: 2F
3-2: Ground out U3 (Groundball, 3S)
Pitching: LHP John Oliver
Batting: RHB Lawrence Davidson 0-0: Ball
1-0: Reached on error, E4 (Groundball, 4)
Batting: SHB Cristián López 0-0: Ball
1-0: Fielders Choice at 2nd, 6-4 (Groundball, 6M)
Batting: LHB Walt Brown 0-0: Ball
1-0: Ball
2-0: Ball
3-0: Called Strike
3-1: Base on Balls
Cristián López to second
Batting: RHB Irwin Robinson 0-0: Reached on error, E2 (Groundball, 2R)
Cristián López scores
Walt Brown to third
Batting: RHB José Batista 0-0: Swinging Strike
0-1: Called Strike
0-2: Foul Ball, location: 2F
0-2: Ball
1-2: Foul Ball, location: 2F
1-2: Strikes out swinging
Bottom of the 6th over - 1 run(s), 0 hit(s), 2 error(s), 2 left on base; North Carolina State 10 - Texas A&M 5
TOP OF THE 7TH
North Carolina State Wolfpack batting - Pitching for Texas A&M Aggies : LHP Jeffrey Hays
Batting: LHB Corey MacGregor 0-0: Fly out, F7 (Popup, 7S)
Batting: RHB Kyle Watkins 0-0: Ball
1-0: Ball
2-0: Called Strike
2-1: Called Strike
2-2: Strikes out looking
Batting: RHB Bob Olson 0-0: Called Strike
0-1: Called Strike
0-2: Foul Ball, location: 2F
0-2: Ball
1-2: Strikes out swinging
Top of the 7th over - 0 run(s), 0 hit(s), 0 error(s), 0 left on base; North Carolina State 10 - Texas A&M 5
BOTTOM OF THE 7TH
Texas A&M Aggies batting - Pitching for North Carolina State Wolfpack : LHP John Oliver
Batting: LHB Kevin Holley 0-0: Ball
1-0: Ball
2-0: Called Strike
2-1: Ball
3-1: Foul Ball, location: 2F
3-2: SINGLE (Groundball, 56D)
Batting: RHB Arthur Kemp 0-0: Foul Ball, location: 2F
0-1: Foul Ball, location: 2F
0-2: Ball
1-2: Strikes out swinging
Batting: LHB Dave Bryant 0-0: Ball
1-0: Foul Ball, location: 2F
1-1: Ball
2-1: Ball
3-1: Base on Balls
Kevin Holley to second
Batting: LHB Andy Pollock 0-0: Grounds into double play, 4-6-3 (Groundball, 34)
Bottom of the 7th over - 0 run(s), 1 hit(s), 0 error(s), 1 left on base; North Carolina State 10 - Texas A&M 5
TOP OF THE 8TH
North Carolina State Wolfpack batting - Pitching for Texas A&M Aggies : LHP Jeffrey Hays
Batting: RHB Henry Dawson 0-0: Called Strike
0-1: Ground out 6-3 (Groundball, 6M)
Batting: RHB Dennis Mays 0-0: Ball
1-0: Foul Ball, location: 2F
1-1: Ball
2-1: Called Strike
2-2: Ball
3-2: Base on Balls
Pitching: RHP Raúl Hernández
Batting: RHB Rafael Rosário 0-0: Ball
Dennis Mays steals 2nd base
1-0: Called Strike
1-1: Foul Ball, location: 2F
1-2: Ball
2-2: Strikes out swinging
Batting: LHB Frank Jackson 0-0: Called Strike
0-1: Ball
1-1: Ball
2-1: Ball
3-1: Foul Ball, location: 2F
3-2: Base on Balls
Batting: RHB Richard Heath 0-0: Fielders Choice at 2nd, 5-4 (Groundball, 56)
Top of the 8th over - 0 run(s), 0 hit(s), 0 error(s), 1 left on base; North Carolina State 10 - Texas A&M 5
BOTTOM OF THE 8TH
Texas A&M Aggies batting - Pitching for North Carolina State Wolfpack : LHP John Oliver
Batting: RHB Lawrence Davidson 0-0: Swinging Strike
0-1: Ball
1-1: Ball
2-1: Called Strike
2-2: Ball
3-2: Strikes out swinging
Pitching: LHP Jeremiah Mason
Batting: SHB Cristián López 0-0: SINGLE (Line Drive, 89S)
Batting: LHB Walt Brown 0-0: Ball
1-0: Foul Ball, location: 2F
1-1: Called Strike
1-2: SINGLE (Flyball, 78M)
Cristián López to second
Batting: RHB Irwin Robinson 0-0: SINGLE (Groundball, 6MD)
Cristián López to third
Walt Brown to second
Pitching: RHP Les Madrid
Batting: RHB José Batista 0-0: Ball
1-0: Called Strike
1-1: Ball
2-1: Ball
3-1: Base on Balls
Cristián López scores
Walt Brown to third
Irwin Robinson to second
Batting: LHB Kevin Holley 0-0: Ball
1-0: Ball
2-0: GRAND SLAM HOME RUN (Line Drive, 9D), Distance : 351 ft
Batting: RHB Arthur Kemp 0-0: Foul Ball, location: 2F
0-1: Ball
1-1: Ball
2-1: Swinging Strike
2-2: Ball
3-2: Base on Balls
Batting: LHB Dave Bryant 0-0: Fly out, F9 (Flyball, 89M)
Batting: LHB Andy Pollock 0-0: Foul Ball, location: 2F
0-1: Ball
1-1: Swinging Strike
1-2: Strikes out swinging
Bottom of the 8th over - 5 run(s), 4 hit(s), 0 error(s), 1 left on base; North Carolina State 10 - Texas A&M 10
TOP OF THE 9TH
North Carolina State Wolfpack batting - Pitching for Texas A&M Aggies : RHP Raúl Hernández
Pitching: RHP Corey Miller
Batting: SHB Dawson Fowler 0-0: Ball
1-0: Called Strike
1-1: Ball
2-1: Foul Ball, location: 2F
2-2: Foul Ball, location: 2F
2-2: Ball
3-2: Foul Ball, location: 2F
3-2: TRIPLE (Flyball, 9M)
Batting: LHB Corey MacGregor 0-0: Foul Ball, location: 2F
0-1: Ball
1-1: Foul Ball, location: 2F
1-2: SINGLE (Groundball, 56D)
Dawson Fowler scores
Batting: RHB Kyle Watkins 0-0: Ball
1-0: Bunted foul
1-1: Sac Bunt - play at first, batter OUT! 1-4
Corey MacGregor to second
Pinch Hitting: LHB Ignacio Rabelo 0-0: Ball
1-0: Ground out 4-3 (Groundball, 34)
Corey MacGregor to third
Batting: RHB Henry Dawson 0-0: Swinging Strike
0-1: Ball
1-1: Ball
2-1: Ball
3-1: Called Strike
3-2: Foul Ball, location: 2F
3-2: Foul Ball, location: 2F
3-2: Foul Ball, location: 2F
3-2: Foul Ball, location: 2F
3-2: Ground out 6-3 (Groundball, 6)
Top of the 9th over - 1 run(s), 2 hit(s), 0 error(s), 1 left on base; North Carolina State 11 - Texas A&M 10
BOTTOM OF THE 9TH
Texas A&M Aggies batting - Pitching for North Carolina State Wolfpack : RHP Les Madrid
Pitching: LHP Will Baker
Now at C: Kent Edwards
Now at 3B: Bryan Lambert
Batting: RHB Lawrence Davidson 0-0: Ground out 1-3 (Groundball, 13S)
Batting: SHB Cristián López 0-0: Called Strike
0-1: DOUBLE (Flyball, 78M)
Batting: LHB Walt Brown 0-0: Called Strike
0-1: Ball
1-1: Ball
2-1: Called Strike
2-2: Foul Ball, location: 2F
2-2: Foul Ball, location: 2F
2-2: Foul Ball, location: 2F
2-2: Ball
3-2: Fly out, F7 (Flyball, 7M)
Batting: RHB Irwin Robinson 0-0: Ball
1-0: Called Strike
1-1: Foul Ball, location: 2F
1-2: Strikes out looking
Bottom of the 9th over - 0 run(s), 1 hit(s), 0 error(s), 1 left on base; North Carolina State 11 - Texas A&M 10
This league is powered by Out of the Park Baseball, the baseball management simulation game for PC, Mac and Linux
Tuesday, August 2nd, 2016 - OOTP Baseball 16.8 Build 38